 Dungeon Crawl Stone Soup version 0.24-a0-368-g0e0cebd (webtiles) character file.

Game seed: 17598116315184110355

4043 MatthieuS the Geomancer (level 10, -23/77 HPs)
             Began as a Human Earth Elementalist on May 28, 2019.
             Was a Priest of Vehumet.
             Annihilated by an orc warrior
             ... wielding a +0 trident
              (33 damage)
             ... on level 9 of the Dungeon.
             The game lasted 00:31:13 (12170 turns).

MatthieuS the Geomancer (Human Earth Elementalist) Turns: 12170, Time: 00:31:13

Health: -23/77     AC:  9    Str:  8    XL:     10   Next: 48%
Magic:  17/20      EV: 12    Int: 19    God:    Vehumet [***...]
Gold:   108        SH:  0    Dex: 14    Spells: 8/23 levels left

rFire    . . .     SeeInvis .   a - +2 dagger (venom)
rCold    . . .     Gourm    .   (no shield)
rNeg     . . .     Faith    .   c - +0 robe
rPois    .         Spirit   .   (no helmet)
rElec    .         Reflect  .   o - +0 cloak
rCorr    .         Harm     .   i - +2 pair of gloves
MR       .....                  p - +2 pair of boots of the Moon {+Inv}
Stlth    ++........             (no amulet)
HPRegen  0.22/turn              (no ring)
MPRegen  0.17/turn              (no ring)

@: about to teleport, very slightly contaminated
A: no striking features
a: Renounce Religion, Evoke Invisibility


You were on level 9 of the Dungeon.
You worshipped Vehumet.
Vehumet was most pleased with you.
You were not hungry.

You visited 2 branches of the dungeon, and saw 10 of its levels.
You also visited: Ossuary.

You collected 303 gold pieces.
You spent 195 gold pieces at shops.

Inventory:

Hand Weapons
 a - a +2 dagger of venom (weapon)
   (You took it off a goblin on level 3 of the Dungeon)
Missiles
 b - 42 stones (quivered)
 y - a throwing net {!f}
Armour
 c - a +0 robe (worn)
 i - a +2 pair of gloves (worn)
   (You found it on level 1 of the Dungeon)
 o - a +0 cloak (worn)
   (You found it on level 6 of the Dungeon)
 p - the +2 pair of boots of the Moon (worn) {+Inv}
   (You found it on level 9 of the Dungeon)

   It lets you turn invisible.
 s - a scarf of repulsion
   (You found it on level 7 of the Dungeon)
Jewellery
 w - an uncursed ring of fire
   (You found it on level 7 of the Dungeon)
Wands
 v - a wand of digging (7)
   (You took it off a goblin on level 3 of the Dungeon)
Scrolls
 h - 2 scrolls of remove curse {@r2}
 k - a scroll of magic mapping
 m - 3 scrolls of teleportation {@r4}
 n - 9 scrolls of identify {@r1}
 r - 2 scrolls of enchant armour
 z - a scroll of vulnerability {!r}
 B - a scroll of acquirement {unknown}
 D - 2 scrolls of amnesia {unknown}
 E - a scroll of fog
Potions
 d - a potion of flight
 f - a potion of heal wounds {@q2}
 j - a potion of lignification {!q}
 l - a potion of might
 q - 2 potions of brilliance
 t - 2 potions of invisibility
 x - a potion of resistance
 A - 2 potions of ambrosia {unknown}
 C - a potion of magic {unknown}
Comestibles
 e - 14 rations
 F - 3 chunks of flesh


   Skills:
 + Level 6.4 Fighting
 + Level 1.5 Armour
 - Level 2.0 Dodging
 - Level 2.0 Stealth
 + Level 7.0 Spellcasting
 - Level 2.1 Conjurations
 - Level 4.0 Charms
 - Level 5.0 Necromancy
 - Level 1.0 Transmutations
 + Level 8.1 Earth Magic
 + Level 0.8 Evocations


You had 8 spell levels left.
You knew the following spells:

 Your Spells              Type           Power        Failure   Level  Hunger
a - Sandblast             Erth           #####.       1%          1    None
b - Stone Arrow           Conj/Erth      ####..       1%          3    #......
c - Passwall              Tmut/Erth      ###.....     2%          2    None
d - Lee's Rapid Deconstr  Erth           #####.....   2%          5    #####..
e - Regeneration          Chrm/Necr      ###.......   4%          3    #......
z - Animate Skeleton      Necr           N/A          1%          1    None

Your spell library contained the following spells:

 Spells                   Type           Power        Failure   Level  Hunger
 Static Discharge         Conj/Air       ##......     5%          3    #......
 Pain                     Necr           ####         1%          1    None
 Vampiric Draining        Necr           ####......   3%          3    #......
 Confusing Touch          Hex            #.....       10%         1    None
 Animate Dead             Necr           N/A          12%         4    ###....
 Petrify                  Tmut/Erth      ###.....     16%         4    ###....
 Confuse                  Hex            #.......     30%         3    #......
 Gell's Gravitas          Tloc           #.........   30%         3    #......
 Yara's Violent Unravell  Hex/Tmut       #.........   47%         5    #####..
 Metabolic Englaciation   Hex/Ice        #.........   95%         5    #####..


Dungeon Overview and Level Annotations

Branches:
Dungeon (9/15)             Temple (1/1) D:5            Lair (0/6) D:9
    Orc: D:9-12

Altars:
Ashenzari
Cheibriados
Fedhas
Kikubaaqudgha
Nemelex Xobeh
Okawaru
Sif Muna
Vehumet
Wu Jian
Xom
Zin
The Shining One

Shops:
D:5 *   D:8 (*

Annotations:
D:5 1 runed translucent door, Crazy Yiuf
D:6 2 transporters, ddlpg's ghost, novice MiHu


Message History

Unknown command.
Aim: an orc priest, wearing a +0 leather armour (almost dead) Out of range.
Okay, then.
Okay, then.
Aim: a jackal The blast of sand hits the jackal!!
You kill the jackal!
Vehumet accepts your kill.
b - 44 stones The orc priest begins to cast a cantrip, but forgets the words!
Aim: a jackal The blast of sand misses the jackal.
b - 43 stones
Aim: a jackal The blast of sand hits the jackal!
You kill the jackal!
Vehumet accepts your kill.
b - 42 stones Your surroundings suddenly seem different.
An orc knight comes into view. It is wielding a +0 battleaxe.
The orc knight shouts!
An orc warrior comes into view. It is wielding a +0 trident.
The orc warrior shouts!
An orc knight comes into view. It is wielding a +0 long sword.
The orc knight shouts!
An orc comes into view. It is wielding a +0 hand axe.
The orc shouts!
An orc comes into view. It is wielding a +0 mace.
The orc shouts!
An orc comes into view. It is wielding a +0 dagger.
The orc shouts!
An orc comes into view.
It is wielding a +2 trident of protection.
The orc shouts!
You hear a shout! x2
The orc barely misses you.
An orc comes into view. It is wielding a +0 whip.
An orc knight comes into view. It is wielding a +0 war axe.
The orc knight roars a battlecry!
The orcs go into a battle-frenzy!
An orc warrior comes into view. It is wielding a +0 vampiric battleaxe.
The orc warrior shouts!
You hear a shout!
Found a ration.
As you read the scroll of teleportation {@r4}, it crumbles to dust.
You feel strangely unstable.
The orc throws a boomerang.
The boomerang hits you.
* * * LOW HITPOINT WARNING * * *
The weapon returns to the orc!
The orc hits you with a +0 hand axe!
* * * LOW HITPOINT WARNING * * *
The orc warrior hits you from afar with a +0 trident!!
You die...

≈≈≈≈≈≈≈≈≈≈≈≈≈≈≈≈≈
≈≈≈≈≈≈≈≈≈≈≈≈≈≈≈≈≈
≈≈≈≈≈≈≈≈≈≈≈≈≈≈≈≈#
................#
#################
# ##'############
# %#.o...........
.#..o..@....o..
o#.....oo.o....
oo......oo.....
############### #
#########
........#


You could see 3 orc knights, 2 orc warriors and 6 orcs.

Vanquished Creatures
  Prince Ribbit (D:5)
  A hippogriff (D:7)
  A human (D:7)
  4 hogs (D:7)
  6 wargs
  A sky beast (D:7)
  A phantom (D:4)
  The ghost of Darkshadow the Chopper, an amateur MiBe of Trog (D:2)
  An ogre (D:5)
  A centaur (D:7)
  A bullfrog (D:9)
  2 scorpions
  3 killer bees (D:9)
  8 wights
  A bullfrog zombie (D:6)
  3 hounds
  2 jellies (D:8)
  2 centaur skeletons
  An orc priest (D:6)
  8 orc wizards
  2 bullfrog skeletons
  3 iguanas
  Ijyb (D:4)
  7 worker ants
  A killer bee zombie (D:6)
  4 big kobold zombies (Ossuary)
  A hound skeleton (D:7)
  A mummy (Ossuary)
  4 gnolls
  8 adders
  3 shadow imps
  An ooze (D:1)
  2 adder skeletons
  4 dart slugs
  5 leopard geckos
  18 orcs
  2 spectral bats (Ossuary)
  A ball python (D:4)
  4 giant cockroaches
  8 gnoll zombies (Ossuary)
  12 goblins
  7 hobgoblins
  8 jackals
  5 quokkas
  4 bats
  A bat simulacrum (Ossuary)
  3 frilled lizards
  A giant cockroach zombie (D:5)
  3 goblin simulacra (Ossuary)
  4 goblin zombies (Ossuary)
  6 hobgoblin zombies (Ossuary)
  5 kobolds
  3 kobold simulacra (Ossuary)
  4 kobold zombies (Ossuary)
  A leopard gecko skeleton (D:4)
  A leopard gecko zombie (D:7)
  4 orc zombies (Ossuary)
  2 rats
  2 rat simulacra (Ossuary)
  4 spectral goblins (Ossuary)
  5 spectral kobolds (Ossuary)
  3 spectral rats (Ossuary)
  A plant (D:2)
218 creatures vanquished.

Notes
Turn   | Place    | Note
-------+----------+-------------------------------------------
     0 | D:1      | MatthieuS the Human Earth Elementalist began the quest for
                  | the Orb.
     0 | D:1      | Reached XP level 1. HP: 13/13 MP: 3/3
   166 | D:1      | Reached XP level 2. HP: 12/19 MP: 1/5
   398 | D:1      | Reached XP level 3. HP: 24/24 MP: 2/6
   997 | D:2      | You fall into a shaft and drop 1 floor!
  1060 | D:3      | Reached skill level 4 in Earth Magic
  1060 | D:3      | Reached XP level 4. HP: 8/30 MP: 0/8
  1373 | D:3      | Reached XP level 5. HP: 35/35 MP: 2/10
  1531 | D:3      | Found a runed translucent door.
  1531 | D:3      | Noticed Darkshadow's ghost (amateur MiBe)
  1882 | D:2      | Learned a level 3 spell: Stone Arrow
  1885 | D:2      | Learned a level 2 spell: Passwall
  1972 | D:2      | You fall into a shaft and drop 1 floor!
  2303 | D:3      | Found a blossoming altar of Fedhas.
  3379 | D:2      | Killed Darkshadow's ghost
  3379 | D:2      | Reached skill level 1 in Fighting
  3379 | D:2      | Reached XP level 6. HP: 44/44 MP: 2/12
  4201 | D:4      | Reached skill level 5 in Earth Magic
  4317 | D:4      | Found a glowing golden altar of the Shining One.
  4509 | D:4      | Learned a level 5 spell: Lee's Rapid Deconstruction
  4863 | D:4      | Reached skill level 1 in Conjurations
  4863 | D:4      | Reached XP level 7. HP: 41/51 MP: 6/13
  4916 | D:4      | Noticed Ijyb
  4934 | D:4      | Killed Ijyb
  5344 | D:5      | Entered Level 5 of the Dungeon
  5363 | D:5      | Learned a level 1 spell: Animate Skeleton
  5367 | D:5      | Learned a level 3 spell: Regeneration
  5405 | D:5      | Found a staircase to the Ecumenical Temple.
  5410 | Temple   | Entered the Ecumenical Temple
  5417 | Temple   | Became a worshipper of Vehumet
  5468 | D:5      | Found a sand-covered staircase.
  5474 | Ossuary  | Entered an ossuary
  5676 | Ossuary  | Reached * piety under Vehumet
  5676 | Ossuary  | Offered knowledge of Shock by Vehumet.
  6100 | Ossuary  | Reached XP level 8. HP: 55/58 MP: 5/15
  6366 | Ossuary  | Reached skill level 1 in Necromancy
  6583 | D:5      | Offered knowledge of Freeze by Vehumet.
  6745 | D:5      | Noticed Prince Ribbit
  6775 | D:5      | Reached ** piety under Vehumet
  6775 | D:5      | Reached skill level 5 in Spellcasting
  6812 | D:5      | Killed Prince Ribbit
  6812 | D:5      | Reached skill level 6 in Earth Magic
  7253 | D:5      | Found a runed translucent door.
  7254 | D:5      | Noticed Crazy Yiuf
  7498 | D:5      | Found Gejita's Assorted Antiques.
  7503 | D:5      | Bought a scroll of teleportation for 90 gold pieces
  7503 | D:5      | Bought a scroll labeled ULELEK SYSEOTA for 30 gold pieces
  8192 | D:6      | Found a transporter.
  8209 | D:6      | Found a transporter.
  8212 | D:6      | Noticed ddlpg's ghost (novice MiHu)
  8714 | D:6      | Reached XP level 9. HP: 64/66 MP: 7/17
  8924 | D:6      | Reached skill level 1 in Charms
  9300 | D:7      | Noticed a hippogriff
  9312 | D:7      | Killed a hippogriff
  9630 | D:7      | Reached skill level 5 in Fighting
  9999 | D:7      | Offered knowledge of Static Discharge by Vehumet.
  9999 | D:7      | Reached skill level 7 in Earth Magic
 10562 | D:7      | Reached XP level 10. HP: 64/76 MP: 16/19
 10674 | D:8      | Found Qazol's Assorted Antiques.
 10682 | D:8      | Bought a scroll labeled SOPLO ASATA for 25 gold pieces
 10682 | D:8      | Bought a scroll of identify for 50 gold pieces
 10762 | D:8      | Reached *** piety under Vehumet
 10949 | D:8      | Found Huim Zax's Weapon Emporium.
 11236 | D:9      | Found a staircase to the Lair.
 11284 | D:8      | Reached skill level 5 in Necromancy
 11477 | D:9      | Reached skill level 1 in Armour
 11477 | D:9      | Reached skill level 8 in Earth Magic
 11480 | D:9      | Got a pair of warped boots
 11694 | D:9      | Identified the +2 pair of boots of the Moon {+Inv} (You
                  | found it on level 9 of the Dungeon)
 12169 | D:9      | Noticed an orc knight
 12169 | D:9      | Noticed an orc knight
 12169 | D:9      | Noticed an orc knight
 12170 | D:9      | Annihilated by an orc warrior

Levels and vault maps discovered:
D:1:      dpeg_arrival_shrine, layout_loops_ring,
          corexii_item_surrounded_by_moat
D:2:      layout_basic, first_ration, serial_forest, infiniplex_forest_pool,
          infiniplex_forest_clump_small, infiniplex_forest_end_3,
          infiniplex_forest_straight_4, infiniplex_forest_straight_4,
          infiniplex_forest_lined_corner
D:3:      layout_loops_corners, gammafunk_ghost_grave, fedhas_altar_1
D:4:      layout_basic, nicolae_tso_carved_into_rock, uniq_ijyb
D:5:      layout_loops_ring, minmay_temple_entry_grid, serial_shops, shop,
          nicolae_ossuary_entry_plus, uniq_prince_ribbit1,
          uniq_crazy_yiuf_cottage
D:6:      layout_basic, gammafunk_ghost_stat_death, kennysheep_generic_room_11
D:7:      nicolae_whirlpool, layout_basic, grunt_livestock,
          nicolae_lava_and_water
D:8:      layout_basic, serial_shops, nicolae_shop_crystal, shop
D:9:      lemuel_castle_with_subvaults [lemuel_castle_interior_carwin_1],
          layout_irregular_city, lair_entry_dummy, minmay_fountain_box
Temple:   compressed_dpeg_triangle_lava_temple

Skill      XL: |  1  2  3  4  5  6  7  8  9 10 |
---------------+-------------------------------+-----
Spellcasting   | 3 4 5 6 7 |  7.0
Earth Magic    | 4 5 6 7 8 |  8.1
Fighting       | 1 2 3 4 5 6 |  6.4
Conjurations   | 1 2 |  2.1
Necromancy     | 3 4 5 |  5.0
Charms         | 3 4 |  4.0
Armour         | 1 |  1.5
Dodging        | |  2.0
Stealth        | |  2.0
Transmutations | |  1.0
Evocations     | |  0.8

Action                   |  1- 3 |  4- 6 |  7- 9 | 10-12 || total
-------------------------+-------+-------+-------+-------++-------
Melee: Dagger            |    33 |   133 |   318 |    14 ||   498
       Unarmed           |       |       |     6 |       ||     6
 Cast: Sandblast         |    31 |    54 |   144 |    48 ||   277
       Stone Arrow       |       |     8 |    80 |    10 ||    98
       Animate Skeleton  |       |       |     4 |       ||     4
       Regeneration      |       |       |     1 |     1 ||     2
Evoke: Wand              |       |       |     1 |       ||     1
  Use: Potion            |       |     5 |     3 |     2 ||    10
       Scroll            |       |     1 |    15 |     7 ||    23
 Stab: Sleeping          |     1 |     3 |     3 |     2 ||     9
       Distracted        |       |     1 |       |       ||     1
  Eat: Chunk             |       |    10 |    13 |     2 ||    25
       Ration            |       |     1 |     3 |     1 ||     5
Armor: Robe              |     7 |    14 |   144 |    27 ||   192
       Skin              |       |    25 |       |       ||    25
Dodge: Dodged            |    21 |    52 |   273 |    88 ||   434

Table legend:
 A = Non-vault XP
 B = Vault XP
 C = Vault XP percentage of total XP
 D = Non-vault monster count
 E = Vault monster count
 F = Vault count percentage of total count
                 A         B        C        D         E       F
            +---------+---------+-------+---------+---------+-------
      Total |    2954 |    2823 |  48.9 |     146 |      71 |  32.7
            +---------+---------+-------+---------+---------+-------
        D:1 |      48 |       0 |   0.0 |      15 |       0 |   0.0
        D:2 |      58 |     127 |  68.6 |      18 |       1 |   5.3
        D:3 |     149 |       0 |   0.0 |      25 |       0 |   0.0
        D:4 |     376 |      35 |   8.5 |      13 |       1 |   7.1
        D:5 |     299 |     264 |  46.9 |      15 |       1 |   6.2
        D:6 |     487 |       0 |   0.0 |      21 |       0 |   0.0
        D:7 |     803 |    1228 |  60.5 |      20 |       7 |  25.9
        D:8 |     430 |     326 |  43.1 |       8 |       3 |  27.3
        D:9 |     304 |     661 |  68.5 |      11 |       4 |  26.7
    Ossuary |       0 |     182 | 100.0 |       0 |      54 | 100.0
            +---------+---------+-------+---------+---------+-------
